 Dungeon Crawl Stone Soup version 0.22-a0-351-g29664b4 (webtiles) character file.

14310 Amnesiac the Quickloader (level 11, -5/87 HPs)
             Began as a Spriggan Wanderer on Apr 12, 2018.
             Was a High Priest of Okawaru.
             Killed by divine providence
             ... invoked by an orc high priest
              (15 damage)
             ... on level 1 of the Orcish Mines.
             The game lasted 00:25:40 (12640 turns).

Amnesiac the Quickloader (Spriggan Wanderer)       Turns: 12640, Time: 00:25:41

Health: -5/87      AC: 13    Str: 14    XL:     11   Next: 87%
Magic:  22/22      EV:  4    Int: 12    God:    Okawaru [*****.]
Gold:   458        SH:  0    Dex: 20    Spells: 14/24 levels left

rFire    . . .     SeeInvis +   b - +4 scimitar (freeze)
rCold    . . .     Gourm    .   (shield restricted)
rNeg     + + +     Faith    .   (armour currently unavailable)
rPois    +         Spirit   .   (helmet currently unavailable)
rElec    .         Reflect  .   (cloak currently unavailable)
rCorr    .         Harm     .   (gloves unavailable)
MR       .....     NoTele   +   (boots unavailable)
Stlth    ++........             (no amulet)
HPRegen  0.24/turn              o - +2 ring of evasion
MPRegen  0.18/turn              j - +5 ring of dexterity

@: tree-form, vulnerable, heroism, corroded, very slightly contaminated,
glowing, drained, invisible (but backlit and visible)
A: very small, unfitting armour, see invisible, herbivore, slow metabolism 2
a: Heroism, Finesse, Renounce Religion


You were on level 1 of the Orcish Mines.
You worshipped Okawaru.
Okawaru was extremely pleased with you.
You were not hungry.
You were a tree.
You visited 3 branches of the dungeon, and saw 12 of its levels.
You also visited: Bailey.

You collected 650 gold pieces.
You spent 192 gold pieces at shops.

Inventory:

Hand Weapons
 a - a +4 arbalest of flaming
 b - a +4 scimitar of freezing (weapon)
 s - a +2 dagger of draining
 C - a +0 hand crossbow
Missiles
 x - 188 arrows
 I - 15 bolts
Armour
 u - a +0 cloak (melded)
 F - a +0 troll leather armour (melded)
 L - a +2 hat of magic resistance (melded)
Jewellery
 e - an uncursed ring of protection from fire
 j - a +5 ring of dexterity (right branch)
 k - an uncursed ring of fire {unknown}
 o - a +2 ring of evasion (left branch)
 p - an uncursed ring of wizardry
Wands
 K - a wand of random effects (5)
Scrolls
 d - 3 scrolls of identify {!r}
 g - 3 scrolls of amnesia {!r}
 h - 9 scrolls of remove curse {!r}
 m - a scroll of magic mapping {!r}
 n - 3 scrolls of fog {!r}
 r - 5 scrolls of teleportation {!r}
 t - 2 scrolls of enchant weapon {!r}
 v - 2 scrolls of blinking {!r, unknown}
 y - 2 scrolls of enchant armour {!r, unknown}
Potions
 c - a potion of haste {!q, unknown}
 i - a potion of resistance {!q}
 q - 2 potions of magic {!q}
 w - 2 potions of invisibility {!q, unknown}
 z - 3 potions of flight {!q, unknown}
 B - 2 potions of agility {!q}
 D - a potion of mutation {!q, unknown}
 E - 4 potions of curing {!q}
 M - a potion of berserk rage {!q, unknown}
 N - a potion of ambrosia {!q}
Miscellaneous
 G - a crystal ball of energy
 H - a box of beasts
Comestibles
 f - 8 rations


   Skills:
 - Level 7.5(11.7) Fighting
 + Level 12.7(16.8) Crossbows
 - Level 9.1(13.3) Dodging
 - Level 1.5(5.8) Stealth
 - Level 7.0(6.3) Spellcasting
 - Level 3.3(2.7) Transmutations
 - Level 2.5(1.9) Ice Magic
   Level 1.0(0.4) Poison Magic
 - Level 8.0(7.3) Invocations
 - Level 1.3(0.7) Evocations


You had 14 spell levels left.
You knew the following spells:

 Your Spells              Type           Power        Failure   Level  Hunger
a - Freeze                Ice            #...         8%          1    None
b - Summon Ice Beast      Ice/Summ       #.......     75%         4    ####...
c - Sticks to Snakes      Tmut           ##......     9%          2    ##.....
z - Ozocubu's Armour      Chrm/Ice       #.......     34%         3    ###....


Dungeon Overview and Level Annotations

Branches:
Dungeon (10/15)            Temple (1/1) D:6             Orc (1/2) D:10
   Lair: D:8-11

Altars:
Ashenzari
Cheibriados
Dithmenos
Hepliaklqana
Kikubaaqudgha
Makhleb
Nemelex Xobeh
Okawaru
Ru
Trog
Vehumet
Xom
Yredelemnul
Zin
The Shining One
Beogh

Shops:
D:4 [


Innate Abilities, Weirdness & Mutations

You are very small and have problems with some larger weapons.
You are too small for most types of armour.
You have supernaturally acute eyesight. (SInv)
You are a herbivore.
((You cover ground extremely quickly.))
You need to consume almost no food.


Message History

The rust devil hits you. The rust devil corrodes you!
The orc high priest hits you with a broad axe.
* * * LOW HITPOINT WARNING * * *
The orc sorcerer points at you and mumbles some strange words.
The bolt of negative energy hits the chaos spawn.
The chaos spawn completely resists.
Helpless, you fail to dodge the bolt of negative energy.
You resist. The chaos spawn hits you.
* * * LOW HITPOINT WARNING * * *
The chaos spawn shocks you!
* * * LOW HITPOINT WARNING * * *
Evoke which item? (* to show all) (? for menu, Esc to quit)
Aiming: Random Effects
Press: ? - help, Shift-Dir - straight line, f - chaos spawn
Aim: a chaos spawn (heavily wounded, summoned)
The puff of frost hits the chaos spawn.
The chaos spawn is heavily wounded.
The rust devil hits you.
* * * LOW HITPOINT WARNING * * *
The rust devil corrodes you!
The chaos spawn hits you but does no damage.
Really quaff
l - a potion of heal wounds {!q}?
You feel much better.
The orc high priest hits you with a broad axe.
* * * LOW HITPOINT WARNING * * *
The rust devil hits you. The rust devil corrodes you!
The ynoxinul gestures.
The chaos spawn gores you but does no damage.
Really read
J - a scroll labeled YFEPPO UKHLYU {!r}?
As you read the scroll labeled YFEPPO UKHLYU {!r}, it crumbles to dust.
Magic quickly surges around you.
It was a scroll of vulnerability {!r}.
The orc high priest hits you with a broad axe.
* * * LOW HITPOINT WARNING * * *
The rust devil hits you.
* * * LOW HITPOINT WARNING * * *
The rust devil corrodes you!
The chaos spawn gores you but does no damage.
Evoke which item? (* to show all) (? for menu, Esc to quit)
Aiming: Random Effects
Press: ? - help, Shift-Dir - straight line, f - orc high priest, p - chaos spawn
Aim: an orc high priest, wielding a broad axe and wearing a leather armour (severely wounded, susceptible to hostile enchantments)
The puff of frost hits the orc high priest.
The orc high priest is almost dead.
The rust devil hits you.
* * * LOW HITPOINT WARNING * * *
The rust devil corrodes you!
The orc high priest hits you but does no damage.
The chaos spawn hits you but does no damage.
Evoke which item? (* to show all) (? for menu, Esc to quit)
Okay, then.
You hit the orc high priest but do no damage.
The orc high priest is almost dead.
The rust devil hits you.
* * * LOW HITPOINT WARNING * * *
The rust devil corrodes you!
The orc sorcerer gestures at you while chanting.
The bolt of negative energy hits the chaos spawn.
The chaos spawn completely resists.
The bolt of negative energy misses you. The chaos spawn hits you.
* * * LOW HITPOINT WARNING * * *
You feel strangely conspicuous.
The orc high priest calls down the wrath of Beogh upon you.
Beogh smites you!
You die...

##.#...................#
#.....................##
##..#...5......).......#
#...........###.......#
#.............##.....##
##.#...(.......#......#
###...(.3#5..#......##
##..(.#o4...#.#...##
##..o4♣...........#
#....###########.##
##..## ### #..# ##.#
#.o# #.....o[..
#......... ##.(#4.[..


You could see an orc high priest, a rust devil, a ynoxinul, a chaos spawn, an
orc sorcerer and 2 ufetubi.

Vanquished Creatures
  An orc warlord (Orc:1)
  2 two-headed ogres (D:10)
  An orc high priest (D:9)
  A deep elf archer (Orc:1)
  Pikel (D:5)
  An orc knight (Bailey)
  An ugly thing (D:9)
  A manticore (D:10)
  2 deep elf magi (Orc:1)
  The ghost of Soeti the Ducker, a novice OpTm (D:6)
  Joseph (D:7)
  Psyche (D:8)
  2 trolls (D:9)
  2 hippogriffs
  A wyvern (D:10)
  A vampire (D:9)
  A wraith (D:8)
  3 hungry ghosts
  A vampire mosquito (D:9)
  An ice beast (D:9)
  A sky beast (D:8)
  7 orc warriors
  4 phantoms
  A black bear (D:10)
  2 necrophages (D:8)
  9 ogres
  6 centaurs
  A crocodile (D:10)
  An elf zombie (D:8)
  Blork the orc (D:5)
  2 bullfrogs
  An elf skeleton (D:8)
  3 scorpions
  A troll zombie (D:10)
  A water moccasin skeleton (D:9)
  8 wights
  6 howler monkeys
  2 crimson imps
  An iron imp (D:9)
  2 orc priests
  Crazy Yiuf (D:7)
  2 bullfrog skeletons
  8 hounds
  4 jellies
  2 human zombies (D:8)
  Jessica (D:3)
  2 centaur skeletons
  A human skeleton (D:8)
  2 iguanas
  7 orc wizards
  5 worker ants
  7 ogre zombies (D:10)
  3 mummies (D:8)
  2 hound skeletons (D:10)
  14 adders
  2 shadow imps
  6 oozes
  An adder zombie (D:6)
  2 worms (D:2)
  4 dart slugs
  2 leopard geckos
  38 orcs
  A ball python (D:2)
  7 giant cockroaches
  2 goblins (D:1)
  9 hobgoblins
  6 jackals
  7 kobolds
  6 quokkas
  5 bats (D:1)
  3 frilled lizards (D:2)
  A goblin skeleton (D:10)
  3 goblin zombies (D:10)
  4 hobgoblin zombies (D:10)
  2 orc skeletons (D:10)
  16 orc zombies
  2 rats
276 creatures vanquished.

Vanquished Creatures (collateral kills)
  A necrophage (D:6)
  A wyvern skeleton (D:6)
  An orc (D:6)
  10 kobolds (Bailey)
13 creatures vanquished.

Vanquished Creatures (others)
  An ogre (D:5)
  An adder skeleton (D:5)
  A fungus (D:5)
3 creatures vanquished.

Grand Total: 292 creatures vanquished

Notes
Turn   | Place    | Note
-------+----------+-------------------------------------------
     0 | D:1      | Amnesiac the Spriggan Wanderer began the quest for the Orb.
     0 | D:1      | Amnesiac set off with: a potion of lignification {!q}, a +0 robe, a +0 dagger, a ration
     0 | D:1      | Reached XP level 1. HP: 9/9 MP: 9/9
     2 | D:1      | Learned a level 1 spell: Freeze
   294 | D:1      | Reached skill level 1 in Dodging
   314 | D:1      | Reached skill level 1 in Fighting
   374 | D:1      | Reached XP level 2. HP: 14/14 MP: 6/10
   886 | D:1      | Reached XP level 3. HP: 18/18 MP: 9/12
  1702 | D:2      | Reached XP level 4. HP: 21/22 MP: 9/14
  1912 | D:3      | Learned a level 3 spell: Ozocubu's Armour
  2700 | D:3      | Found a glowing golden altar of the Shining One.
  2726 | D:3      | Noticed Jessica
  2730 | D:3      | Killed Jessica
  2858 | D:3      | Learned a level 4 spell: Summon Ice Beast
  3131 | D:4      | Reached XP level 5. HP: 16/27 MP: 9/15
  3295 | D:4      | Found a faded altar of an unknown god.
  3295 | D:4      | Found a burning altar of Makhleb.
  3300 | D:4      | Found an iron altar of Okawaru.
  3302 | D:4      | Found a faded altar of an unknown god.
  3303 | D:4      | Found a basalt altar of Yredelemnul.
  3306 | D:4      | Became a worshipper of Warmaster Okawaru
  3331 | D:4      | Found a shadowy altar of Dithmenos.
  3612 | D:4      | Found Jeob's Armour Boutique.
  3618 | D:4      | Bought a +0 cloak for 45 gold pieces
  3780 | D:5      | Entered Level 5 of the Dungeon
  3994 | D:4      | Bought a +2 robe of positive energy for 147 gold pieces
  4060 | D:5      | Found a shimmering altar of Xom.
  4155 | D:5      | Noticed Blork the orc
  4174 | D:5      | Killed Blork the orc
  4174 | D:5      | Reached XP level 6. HP: 18/32 MP: 2/17
  4285 | D:5      | Noticed Pikel
  4289 | D:5      | Noticed a slave
  4289 | D:5      | Noticed a slave
  4291 | D:5      | Noticed a slave
  4305 | D:5      | Killed Pikel
  4305 | D:5      | Reached * piety under Okawaru
  4305 | D:5      | Reached ** piety under Okawaru
  4305 | D:5      | Reached skill level 5 in Fighting
  4305 | D:5      | Reached XP level 7. HP: 39/39 MP: 0/18
  4442 | D:5      | Found a bloodstained altar of Trog.
  4527 | D:5      | Found a sparkling altar of Nemelex Xobeh.
  4819 | D:5      | Found a sacrificial altar of Ru.
  5070 | D:6      | Found a staircase to the Ecumenical Temple.
  5097 | D:6      | You fall through a shaft!
  5102 | D:7      | Noticed Joseph
  5674 | D:6      | Reached XP level 8. HP: 37/44 MP: 12/19
  5701 | D:6      | Reached *** piety under Okawaru
  6024 | D:6      | Found a radiant altar of Vehumet.
  6404 | D:6      | Noticed Soeti's ghost (novice OpTm)
  6481 | D:6      | Killed Soeti's ghost
  6902 | D:1      | Learned a level 2 spell: Sticks to Snakes
  7187 | Temple   | Entered the Ecumenical Temple
  8022 | D:7      | Reached skill level 1 in Invocations
  8022 | D:7      | Reached XP level 9. HP: 50/50 MP: 17/20
  8023 | D:7      | Reached skill level 1 in Transmutations
  8107 | D:7      | Reached **** piety under Okawaru
  8343 | D:7      | Killed Joseph
  8548 | D:7      | Found a runed door.
  8674 | D:7      | Noticed Crazy Yiuf
  8676 | D:7      | Killed Crazy Yiuf
  8721 | D:8      | Reached skill level 1 in Crossbows
  8756 | D:8      | Reached skill level 2 in Crossbows
  8903 | D:8      | Reached skill level 3 in Crossbows
  9027 | D:8      | Reached skill level 4 in Crossbows
  9073 | D:8      | Found a roughly hewn altar of Beogh.
  9230 | D:8      | Noticed Psyche
  9241 | D:8      | Killed Psyche
  9241 | D:8      | Reached ***** piety under Okawaru
  9241 | D:8      | Reached skill level 5 in Crossbows
  9451 | D:8      | Reached skill level 6 in Crossbows
  9469 | D:8      | Reached XP level 10. HP: 53/55 MP: 21/21
  9489 | D:8      | Found an ancient bone altar of Kikubaaqudgha.
  9604 | D:8      | Reached skill level 7 in Crossbows
  9786 | D:8      | Found a hazy altar of Hepliaklqana.
  9959 | D:9      | Received a gift from Okawaru
  9959 | D:9      | Reached skill level 8 in Crossbows
 10042 | D:9      | Found a snail-covered altar of Cheibriados.
 10050 | D:9      | Reached skill level 5 in Invocations
 10320 | D:9      | Found a shattered altar of Ashenzari.
 10374 | D:9      | Noticed an orc high priest
 10392 | D:9      | Noticed a sun demon
 10394 | D:9      | Noticed a rust devil
 10414 | D:9      | Noticed a rust devil
 10422 | D:9      | Killed an orc high priest
 10457 | D:9      | Noticed a red ugly thing
 10502 | D:9      | Killed a red ugly thing
 10812 | D:10     | Entered Level 10 of the Dungeon
 10849 | D:10     | Found a flagged portal.
 10866 | Bailey   | Entered a bailey
 10987 | Bailey   | Noticed an orc knight
 11012 | Bailey   | Killed an orc knight
 11047 | Bailey   | Reached skill level 9 in Crossbows
 11076 | Bailey   | Reached XP level 11. HP: 53/58 MP: 22/22
 11118 | Bailey   | Found a burning altar of Makhleb.
 11130 | Bailey   | Got a heavy robe
 11180 | Bailey   | Identified the +1 robe of Dice, Bag, and Bottle {Dex+8} (You found it in a bailey)
 11406 | D:10     | Noticed a two-headed ogre
 11421 | D:10     | Killed a two-headed ogre
 11510 | D:10     | Found an ancient bone altar of Kikubaaqudgha.
 11530 | D:10     | Received a gift from Okawaru
 11530 | D:10     | Reached skill level 10 in Crossbows
 11647 | D:10     | Found a staircase to the Orcish Mines.
 11832 | D:10     | Noticed a two-headed ogre
 11860 | D:10     | Killed a two-headed ogre
 11860 | D:10     | Reached skill level 11 in Crossbows
 12298 | Orc:1    | Entered Level 1 of the Orcish Mines
 12425 | Orc:1    | Noticed a deep elf mage
 12425 | Orc:1    | Noticed a deep elf mage
 12425 | Orc:1    | Noticed a deep elf archer
 12439 | Orc:1    | Killed a deep elf mage
 12443 | Orc:1    | Killed a deep elf mage
 12443 | Orc:1    | Reached skill level 12 in Crossbows
 12499 | Orc:1    | Killed a deep elf archer
 12570 | Orc:1    | Noticed an orc warlord
 12593 | Orc:1    | Killed an orc warlord
 12610 | Orc:1    | Noticed an orc high priest
 12614 | Orc:1    | Noticed an orc sorcerer
 12640 | Orc:1    | Killed from afar by an orc high priest

Vault maps used:
D:1:      matt_arrival_refuge, serial_forest, infiniplex_forest_clump_curved,
          infiniplex_forest_lined_corner, infiniplex_forest_straight_5,
          infiniplex_forest_pool, infiniplex_forest_straight_5,
          infiniplex_forest_lined_room_2, infiniplex_forest_clump_curved,
          grunt_decor_mini_mirrors
D:3:      tso_altar, uniq_jessica
D:4:      chequers_temple_overflow_minitemple, first_ration, serial_shops,
          nicolae_shop_stone, nicolae_dithmenos_the_darkroom
D:5:      lemuel_crystal_altar, nicolae_ru_the_path_less_chosen,
          lemuel_doored_altar, lemuel_coloured_pillars_altar, uniq_pikel,
          uniq_blork_the_orc
D:6:      lemuel_crystal_altar, minmay_temple_entry_statues_pillars,
          kennysheep_generic_room_2
D:7:      uniq_crazy_yiuf_cottage, uniq_joseph
D:8:      lemuel_mausoleum_altar_kikubaaqudgha, lemuel_round_altar,
          special_room, hangedman_little_slice_of_home, uniq_psyche
D:9:      minmay_shrinking_squares, cheibrodos_ashenzari_chains, slow_altar_1
D:10:     minmay_opposing_rooms, zombieorc2_lemuel, basic_altar, enter_bailey_1
Temple:   eino_wide_crystal_templ
Orc:1:    serial_shops, nicolae_shop_trees, shop, shop, elf_legates
Bailey:   bailey_axe_3, bailey

Skill      XL: |  1  2  3  4  5  6  7  8  9 10 11 |
---------------+----------------------------------+-----
Dodging        | 1 2 4 6 7 9 |  9.1
Fighting       | 1 2 3 5 7 |  7.5
Spellcasting   | 7 |  7.0
Ice Magic      | 2 |  2.5
Invocations    | 1 4 8 |  8.0
Transmutations | 3 |  3.3
Crossbows      | 6 9 12 | 12.7
Stealth        | |  1.5
Poison Magic   | |  1.0
Evocations     | |  1.3

Action                   |  1- 3 |  4- 6 |  7- 9 | 10-12 || total
-------------------------+-------+-------+-------+-------++-------
Melee: Dagger            |     8 |     6 |    92 |       ||   106
       Short sword       |       |       |     5 |       ||     5
       Scimitar          |       |       |   125 |   169 ||   294
       Unarmed           |       |       |     1 |       ||     1
       Punch             |       |       |     2 |     2 ||     4
 Fire: Arbalest          |       |       |       |   224 ||   224
 Cast: Freeze            |    71 |    78 |   148 |       ||   297
       Summon Ice Beast  |       |     1 |     7 |       ||     8
       Ozocubu's Armour  |       |     1 |     5 |       ||     6
       Sticks to Snakes  |       |       |     8 |    11 ||    19
Invok: Heroism           |       |       |     3 |     5 ||     8
       Finesse           |       |       |       |     1 ||     1
Evoke: Wand              |       |       |    12 |     2 ||    14
  Use: Potion            |       |     2 |     5 |     3 ||    10
       Scroll            |       |       |    13 |     1 ||    14
 Stab: Sleeping          |     2 |     4 |     3 |     4 ||    13
       Distracted        |       |       |     2 |       ||     2
  Eat: Ration            |       |     1 |     5 |     3 ||     9
Armor: Robe              |     7 |     4 |    19 |    11 ||    41
       Skin              |       |     3 |     1 |    10 ||    14
       Troll leather arm |       |       |       |    16 ||    16
Dodge: Dodged            |    52 |    56 |   344 |   424 ||   876
       Rpst.: Scimitar   |       |       |    43 |    63 ||   106

Table legend:
 A = Spawn XP
 B = Non-spawn XP
 C = Spawn XP percentage of total XP
 D = Spawn monster count
 E = Non-spawn monster count
 F = Spawn count percentage of total count
 G = Total turns spent on level
                    A         B        C        D         E        F      G
               +---------+---------+-------+---------+---------+-------+---------
         Total |       0 |   20443 |   0.0 |       0 |     289 |   0.0 | 12640
               +---------+---------+-------+---------+---------+-------+---------
           D:1 |       0 |      43 |   0.0 |       0 |      22 |   0.0 |  1209
           D:2 |       0 |      64 |   0.0 |       0 |      15 |   0.0 |   828
           D:3 |       0 |      72 |   0.0 |       0 |      11 |   0.0 |  1110
           D:4 |       0 |     193 |   0.0 |       0 |       6 |   0.0 |   898
           D:5 |       0 |     791 |   0.0 |       0 |       6 |   0.0 |  1182
           D:6 |       0 |    1257 |   0.0 |       0 |      26 |   0.0 |  2033
           D:7 |       0 |    1384 |   0.0 |       0 |      21 |   0.0 |  1456
           D:8 |       0 |    2295 |   0.0 |       0 |      58 |   0.0 |  1141
           D:9 |       0 |    4024 |   0.0 |       0 |      33 |   0.0 |   953
          D:10 |       0 |    5835 |   0.0 |       0 |      70 |   0.0 |  1134
         Orc:1 |       0 |    3509 |   0.0 |       0 |       5 |   0.0 |   342
        Bailey |       0 |     976 |   0.0 |       0 |      16 |   0.0 |   352
               +---------+---------+-------+---------+---------+-------+---------
